 Dungeon Crawl Stone Soup version 0.22.1-1-ga44c0e5 (webtiles) character file.

72 Fang the Skirmisher (level 4, -3/29 HPs)
             Began as a Gargoyle Berserker on Sept 21, 2018.
             Was a Believer of Trog.
             Slain by a phantom (6 damage)
             ... on level 2 of the Dungeon.
             The game lasted 00:01:09 (1171 turns).

Fang the Skirmisher (Gargoyle Berserker)            Turns: 1171, Time: 00:01:10

Health: -3/29      AC:  7    Str: 22    XL:     4   Next: 26%
Magic:  4/4        EV: 12    Int:  7    God:    Trog [**....]
Gold:   53         SH:  0    Dex:  9    Spells: 3/3 levels left

rFire    . . .     SeeInvis .   a - +0 hand axe
rCold    . . .     Gourm    .   (no shield)
rNeg     + . .     Faith    .   b - +0 animal skin
rPois    ∞         Spirit   .   (no helmet)
rElec    +         Reflect  .   (no cloak)
rCorr    .         Harm     .   (no gloves)
MR       .....                  (no boots)
Stlth    +.........             (no amulet)
HPRegen  0.09/turn              i - +2 ring of protection
MPRegen  0.09/turn              (no ring)

@: no status effects
A: negative energy resistance 1, electricity resistance, unbreathing,
petrification resistance, rot immunity, AC +3
a: Berserk, Trog's Hand, Renounce Religion


You were on level 2 of the Dungeon.
You worshipped Trog.
Trog was pleased with you.
You were not hungry.

You visited 1 branch of the dungeon, and saw 2 of its levels.

You collected 53 gold pieces.

Inventory:

Hand Weapons
 a - a +0 hand axe (weapon)
Armour
 b - a +0 animal skin (worn)
Jewellery
 i - a +2 ring of protection (left hand)
Scrolls
 j - a scroll of identify {unknown}
 k - a scroll of immolation {unknown}
Potions
 d - 2 potions of flight {unknown}
 e - a potion of resistance {unknown}
 f - a potion of lignification {unknown}
 g - a potion of heal wounds {unknown}
 h - a potion of curing {unknown}
Comestibles
 c - 4 rations


   Skills:
 + Level 4.0 Fighting
 + Level 3.6 Axes
 + Level 2.4 Armour
 + Level 2.1 Dodging


You had 3 spell levels left.
You didn't know any spells.
Your spell library was empty.

Dungeon Overview and Level Annotations

Branches:
Dungeon (2/15)

Altars:


Innate Abilities, Weirdness & Mutations

You are resistant to torment.
Your stone body is resilient. (AC +3)
You are immune to poison.
You resist negative energy. (rN+)
You are resistant to electric shocks. (rElec)
You can survive without breathing.
You are immune to petrification.
You are immune to rotting.


Message History

You hit the phantom.
The phantom is heavily damaged.
The phantom closely misses you.
You hit the phantom.
The phantom is heavily damaged.
The phantom hits you.
You hit the phantom.
The phantom is heavily damaged.
The phantom blinks!
The phantom completely misses you. The phantom hits you!
* * * LOW HITPOINT WARNING * * *
You closely miss the phantom.
The phantom is heavily damaged.
The phantom hits you.
* * * LOW HITPOINT WARNING * * *
You closely miss the phantom.
The phantom is heavily damaged.
The phantom misses you. The phantom hits you.
You die...

.# #. ..# #.# #. #..
#.# ####.## #># .###..
...### #.# ..#.# #...##
#.# # ...# ##....##
#÷#.#
...#####......###.#.#.#
..........♣♣.÷..W.....#
...####.#.......@.##.##
............####### #
...####.###†# #..#
#.#...# #..# #.#...#
#..####.#...#
....<...#.).# #
#..######...#.#
#.†#..........#


You could see a phantom.

Vanquished Creatures
  Jessica (D:2)
  An adder (D:2)
  An ooze (D:1)
  2 dart slugs
  4 leopard geckos
  3 bats
  A giant cockroach (D:2)
  3 goblins
  2 hobgoblins (D:1)
  2 frilled lizards
  3 kobolds (D:1)
  4 rats
27 creatures vanquished.

Notes
Turn   | Place    | Note
-------+----------+-------------------------------------------
     0 | D:1      | Fang the Gargoyle Berserker began the quest for the Orb.
     0 | D:1      | Reached XP level 1. HP: 14/14 MP: 1/1
   265 | D:1      | Reached XP level 2. HP: 19/19 MP: 2/2
   756 | D:1      | Reached XP level 3. HP: 20/24 MP: 3/3
  1084 | D:2      | Noticed Jessica
  1091 | D:2      | Killed Jessica
  1091 | D:2      | Reached skill level 4 in Fighting
  1091 | D:2      | Reached XP level 4. HP: 22/29 MP: 4/4
  1092 | D:2      | Noticed a phantom
  1093 | D:2      | Reached ** piety under Trog
  1171 | D:2      | Slain by a phantom

Skill      XL: |  1  2  3 |
---------------+----------+-----
Axes           | 3 |  3.6
Dodging        | 2 |  2.1
Fighting       | 4 |  4.0
Armour         | |  2.4

Action                   |  1- 3 |  4- 6 || total
-------------------------+-------+-------++-------
Melee: Hand axe          |    79 |    18 ||    97
Invok: Berserk           |     1 |       ||     1
  Eat: Chunk             |     1 |     1 ||     2
Armor: Animal skin       |    36 |     3 ||    39
Dodge: Dodged            |    60 |    12 ||    72
